Map: Arctic Dream LE

Players

ActionJaxon

  • Race: Protoss Protoss
  • League: Master
  • Spawn Location: 6:00

PongLenis

  • Race: Zerg Zerg
  • League: Platinum
  • Spawn Location: 5:00

qqq - Winner!

  • Race: Zerg Zerg
  • Spawn Location: 11:00

Massa - Winner!

  • Race: Terran Terran
  • League: Platinum
  • Spawn Location: 12:00

VOD

Have the link to the VOD?

Description

Time

  • Played on: Nov. 17, 2020, 2:43 p.m.
  • Length: 6:43
Show
View Real Time Build Order
Export as new Build Order

ActionJaxon Protoss 

Build Orders: Cannon Rush 

Get SALT Encoding   

  12  0:00  Probe  
  13  0:13  Probe  
  14  0:19  Pylon  
  14  0:25  Probe  
  15  0:37  Probe (Chrono Boost)  
  15  0:39  Forge  
  16  0:49  Probe (Chrono Boost)  
  17  0:57  Probe (Chrono Boost)  
  18  1:08  Pylon  
  18  1:10  Probe  
  19  1:19  Pylon  
  19  1:27  Photon Cannon x2  
  19  1:39  Photon Cannon  
  19  1:52  Pylon  
  19  2:01  Probe  
  19  2:08  Gateway  
  19  2:16  Assimilator  
  19  2:22  Assimilator  
  19  2:27  Photon Cannon  
  19  2:28  Photon Cannon  
  18  2:37  Probe  
  19  2:52  Photon Cannon  
  19  3:01  Photon Cannon  
  19  3:03  Pylon  
  19  3:05  Photon Cannon  
  19  3:06  Pylon  
  19  3:07  Probe  
  20  3:23  Nexus  
  20  3:32  Probe  
  21  3:34  Zealot (Chrono Boost)  
  21  3:37  Pylon  
  21  3:40  Photon Cannon  
  23  3:55  Cybernetics Core  
  23  4:12  Probe  
  24  4:25  Probe (Chrono Boost)  
  25  4:34  Assimilator  
  25  4:36  Stargate  
  25  4:37  Probe (Chrono Boost)  
  26  4:40  Shield Battery  
  26  4:42  Probe (Chrono Boost), Warp Gate  
  27  4:46  Probe  
  27  4:51  Probe  
  29  4:59  Probe  
  30  5:03  Probe  
  31  5:11  Probe, Void Ray (Chrono Boost)  
  32  5:15  Probe  
  32  5:16  Assimilator  
  32  5:18  Assimilator  
  37  5:23  Probe  
  37  5:27  Probe  
  39  5:35  Probe  
  40  5:38  Stargate  
  40  5:39  Probe  
  41  5:48  Pylon  
  41  5:56  Shield Battery  
  41  5:58  Probe x2  
  25  6:29  Probe  
Show
View Real Time Build Order
Export as new Build Order

PongLenis Zerg 

Build Orders: Pool First 

Get SALT Encoding   

  12  0:01  Drone  
  13  0:10  Drone  
  14  0:17  Overlord  
  14  0:27  Extractor  
  13  0:28  Drone  
  14  0:36  Drone x2  
  16  0:44  Drone  
  17  1:04  Spawning Pool  
  17  1:05  Drone  
  17  1:07  Drone  
  18  1:17  Drone  
  19  1:27  Drone  
  20  1:38  Hatchery  
  19  1:51  Queen  
  19  1:53  Metabolic Boost  
  21  1:57  Overlord  
  21  2:19  Zergling x6  
  24  2:28  Lair  
  24  2:48  Overlord x2  
  24  3:10  Zergling x2  
  24  3:11  Zergling x6  
  27  4:00  Zergling x12  
  28  4:09  Spine Crawler  
  7  4:26  Zergling x8  
  7  4:27  Zergling x2  
  7  4:30  Queen  
  7  4:32  Drone x3  
  10  4:39  Queen  
  7  5:02  Spine Crawler  
  6  5:12  Drone  
    5:30  Drone  
Show
View Real Time Build Order
Export as new Build Order

qqq Zerg - Winner!

Build Orders: Hatch First 

Get SALT Encoding   

  12  0:00  Drone  
  13  0:08  Drone  
  14  0:17  Overlord  
  14  0:43  Hatchery  
  14  0:48  Drone  
  14  0:52  Drone  
  14  0:55  Drone  
  16  1:20  Drone  
  16  1:24  Drone x2  
  19  1:26  Spawning Pool  
  19  1:27  Extractor  
  17  1:33  Drone  
  18  1:51  Drone  
  19  1:57  Drone  
  19  1:58  Drone  
  21  2:09  Overlord  
  21  2:11  Drone  
  21  2:13  Queen  
  21  2:14  Queen  
  26  2:17  Zergling x2  
  26  2:22  Drone  
  28  2:27  Overlord  
  28  2:32  Zergling x2  
  28  2:35  Metabolic Boost  
  29  2:38  Zergling x2  
  30  2:47  Drone  
  30  2:49  Zergling x2  
  32  2:58  Zergling x2  
  33  2:59  Zergling x2  
  34  3:08  Zergling x2  
  34  3:09  Zergling x2  
  36  3:19  Zergling x4  
  38  3:29  Zergling x6  
  38  3:30  Zergling x2  
  38  3:31  Zergling x4, Overlord  
  43  3:53  Zergling x4  
  43  3:54  Zergling x4  
  46  4:05  Zergling x6  
  46  4:06  Zergling x6  
  50  4:18  Hatchery  
  48  4:25  Zergling x6  
  48  4:26  Zergling x2  
  47  4:37  Zergling x6  
  47  4:38  Zergling x4, Baneling Nest  
  52  4:42  Overlord x2  
  48  4:57  Lair  
  48  4:58  Zergling x2  
  48  4:59  Drone  
  48  5:00  Zergling x2  
  48  5:17  Drone, Zergling x4  
  48  5:18  Drone  
  51  5:38  Baneling x8  
  51  5:39  Baneling x6  
  51  5:42  Zergling x4  
  53  5:43  Drone x2  
  53  5:44  Drone  
  56  5:50  Spore Crawler  
  56  5:52  Spore Crawler  
  46  6:19  Zergling x6  
  46  6:20  Zergling x10  
  46  6:21  Zergling x8  
Show
View Real Time Build Order
Export as new Build Order

Massa Terran - Winner!

Build Orders:  

Get SALT Encoding   

  12  0:00  SCV  
  13  0:12  SCV  
  14  0:17  Supply Depot  
  14  0:25  SCV  
  15  0:38  SCV  
  15  0:40  Barracks  
  16  0:50  SCV  
  16  0:51  Refinery  
  17  1:03  SCV  
  18  1:15  SCV  
  19  1:19  Supply Depot  
  19  1:27  SCV  
  20  1:33  Marine  
  20  1:39  SCV  
  21  2:09  Orbital Command  
  21  2:14  Factory  
  21  2:28  Supply Depot  
  21  2:30  Supply Depot  
  21  2:49  Marine  
  22  3:00  Factory Tech Lab  
  21  3:07  Marine, Supply Depot  
  21  3:21  Siege Tank  
  21  3:25  Marine  
  23  3:35  Supply Depot  
  23  3:43  Marine  
  23  3:51  SCV  
  19  4:01  Marine  
  18  4:03  SCV  
  15  4:14  Siege Tank  
  15  4:15  SCV  
  16  4:19  Marine  
  17  4:27  SCV  
  18  4:36  Marine  
  19  4:54  Marine  
  20  5:01  SCV  
  21  5:07  Barracks  
  21  5:13  SCV  
  22  5:18  Marine  
  23  5:25  SCV  
  24  5:29  Hellion  
  26  5:36  Marine  
  26  5:37  SCV  
  26  5:42  Engineering Bay  
  28  5:45  Refinery  
  28  5:49  SCV  
  29  5:54  Marine  
  30  6:01  SCV  
  30  6:02  Marine  
  32  6:13  SCV  
  32  6:17  Marine  
  37  6:19  Marine  
  38  6:27  SCV  
  39  6:38  Missile Turret  
Tags
 
Add a new tag
Caveats
  • Supply blocks, unpowered buildings, or Contaminate may cause inaccurate times.
  • Supply counts are checked every 10 seconds.